 Dungeon Crawl Stone Soup version 0.30-a0-737-gf23d94013f (webtiles) character file.

Game seed: 17547395590747594511

3609 browni3141 the Covert (level 9, -9/41 HPs)
             Began as a Felid Necromancer on Feb 2, 2023.
             Was an Elder of Sif Muna.
             Mangled by an eight-headed hydra (13 damage)
             ... on level 2 of the Lair of Beasts.
             The game lasted 01:03:47 (16692 turns).

browni3141 the Covert (Felid Necromancer)          Turns: 16692, Time: 01:03:48

Health: -9/41      AC:  2    Str:  4    XL:     9   Next: 86%
Magic:  15/19      EV: 21    Int: 22    God:    Sif Muna [****..]
Gold:   649        SH:  0    Dex: 16    Spells: 4/20 levels left
                                        Lives:  0   Deaths: 3

rFire   . . .      SeeInvis +      - Unarmed
rCold   . . .      Faith    .    (shield unavailable)
rNeg    . . .      Spirit   .    (body armour unavailable)
rPois   +          Reflect  .    (helmet unavailable)
rElec   .          Harm     .    (cloak unavailable)
rCorr   .          Rampage  .    (gloves unavailable)
Will    ++...                    (boots unavailable)
Stlth   ++++                     t - amulet of regeneration
HPRegen 1.06/turn                g - ring of willpower
MPRegen 0.16/turn                y - ring of poison resistance

@: blade hands (expiring), animating dead (expiring), quick
A: very small, claws 1, fangs 3, see invisible, speed 1, shaggy fur 2, (stealthy
paws), no weapons or thrown items, no armour, multi-lived
a: End Transformation, Renounce Religion, Channel Magic, Forget Spell, Divine
Exegesis


You were on level 2 of the Lair of Beasts.
You worshipped Sif Muna.
Sif Muna was greatly pleased with you.
You had blades for front paws.
You visited 3 branches of the dungeon, and saw 14 of its levels.

You collected 649 gold pieces.

Inventory:

Jewellery
 g - a ring of willpower (left blade hand)
 s - a ring of wizardry
 t - an amulet of regeneration (around neck)
 y - a ring of poison resistance (right blade hand)
Wands
 o - a wand of light (8)
 u - a wand of roots (4)
 A - a wand of polymorph (4)
 B - a wand of flame (4)
Scrolls
 b - 2 scrolls of noise
 c - 5 scrolls of amnesia
 d - 7 scrolls of teleportation
 f - 2 scrolls of vulnerability
 i - 2 scrolls of fog
 k - 5 scrolls of enchant weapon {unknown}
 m - 4 scrolls of enchant armour {unknown}
 p - a scroll of poison {unknown}
 q - 4 scrolls of butterflies {unknown}
 w - 3 scrolls of fear {unknown}
 D - a scroll of immolation {unknown}
Potions
 a - 5 potions of magic
 e - a potion of attraction
 h - 3 potions of brilliance
 j - a potion of curing
 l - 2 potions of lignification
 n - 3 potions of haste
 r - 2 potions of flight
 v - 3 potions of ambrosia {unknown}
 z - 2 potions of might
 C - a potion of heal wounds
 E - a potion of mutation {unknown}
Miscellaneous
 x - a lightning rod (inert)


   Skills:
 - Level 6.0 Fighting
 - Level 8.0 Dodging
 - Level 10.0 Stealth
 - Level 6.0 Unarmed Combat
 * Level 6.0 Spellcasting
 - Level 7.0 Necromancy
 - Level 10.0 Transmutations
 * Level 6.3 Invocations
 * Level 3.1 Evocations


You had 4 spell levels left.
You knew the following spells:

 Your Spells              Type           Power      Damage    Failure   Level
a - Necrotise             Necr           100%       1d9       12%         1
b - Vampiric Draining     Necr           37%        2d8       19%         3
c - Animate Dead          Necr           37%        N/A       32%         4
d - Beastly Appendage     Tmut           100%       N/A       8%          1
e - Wereblood             Tmut           50%        N/A       9%          2
f - Blade Hands           Tmut           25%        N/A       30%         5

Your spell library contained the following spells:

 Spells                   Type           Power      Damage    Failure   Level
 Sublimation of Blood     Necr           37%        N/A       14%         2
 Spider Form              Tmut/Pois      28%        N/A       28%         3
 Cigotuvi's Dreadful Rot  Necr/Pois/Air  32%        N/A       34%         2
 Magic Dart               Conj           24%        1d4       43%         1
 Petrify                  Tmut/Erth      28%        N/A       50%         4
 Call Imp                 Summ           6%         N/A       54%         2
 Lesser Beckoning         Tloc           12%        N/A       54%         2
 Poisonous Vapours        Pois/Air       12%        N/A       54%         2
 Gell's Gravitas          Tloc           6%         N/A       69%         3
 Mephitic Cloud           Conj/Pois/Air  6%         N/A       69%         3
 Teleport Other           Tloc           6%         N/A       69%         3
 Tukima's Dance           Hex            6%         N/A       69%         3
 Airstrike                Air            3%         2d(1-17)  94%         4
 Cause Fear               Hex            3%         N/A       94%         4
 Summon Lightning Spire   Summ/Air       6%         N/A       94%         4
 Agony                    Necr           37%        N/A       54%         5
 Irradiate                Conj/Tmut      14%        3d16      75%         5
 Dragon Form              Tmut           25%        N/A       97%         7
 Lightning Bolt           Conj/Air       3%         1d14      99%         5
 Dragon's Call            Summ           3%         N/A       100%        9
 Portal Projectile        Hex/Tloc       Unusable   N/A       N/A         3

Dungeon Overview and Level Annotations

Branches:
Dungeon (11/15)            Temple (1/1) D:6            Lair (2/5) D:8
    Orc (0/2) D:9
  Swamp: Lair:2-3    Shoals: Lair:2-3     Snake: Lair:2-3    Spider: Lair:2-3

Altars:
Ashenzari
Cheibriados
Dithmenos
Elyvilon
Fedhas
Gozag
Hepliaklqana
Kikubaaqudgha
Makhleb
Nemelex Xobeh
Okawaru
Qazlal
Ru
Sif Muna
Trog
Uskayaw
Vehumet
Wu Jian
Xom
Yredelemnul
Zin
The Shining One

Shops:
D:11 (

Annotations:
D:3 2 runed translucent doors, THTSBRD's ghost, amateur FoHu
D:4 Grinder
D:5 exclusion: steam dragon
D:7 exclusion: troll
D:8 exclusions: hornet and two-headed ogre
D:11 4 transporters


Innate Abilities, Weirdness & Mutations

You have blades for front paws.
Your spellcasting is less reliable in this form.
You have sharp claws.
You have razor-sharp teeth.
You have supernaturally acute eyesight. (SInv)
You cover ground quickly. (Speed+)
You are covered in thick fur. (AC +2)
((Your paws help you pounce on unaware monsters.))
You are incapable of wielding weapons or throwing items.
You cannot wear armour.
You gain extra lives every three experience levels.


Message History

The elephant is blinded.
Your reaping aura is weakening.
The blink frog blinks!
The blink frog hits your bullfrog zombie!
Your elephant zombie barely misses the blink frog.
Your elephant zombie trunk-slaps the blink frog.
Your bullfrog zombie hits the blink frog.
The elephant tramples your elephant zombie!
Your elephant zombie holds its ground!
The elephant trunk-slaps your elephant zombie but does no damage.
The blink frog hits your elephant zombie!
The blink frog blinks!
Something hits your bullfrog zombie.
You chop one of the six-headed hydra's heads off!
The five-headed hydra grows two more!
You hit the seven-headed hydra.
The seven-headed hydra is heavily wounded.
The seven-headed hydra bites you! The seven-headed hydra misses you.
The seven-headed hydra closely misses you.
The seven-headed hydra completely misses you.
The seven-headed hydra misses you. The seven-headed hydra bites you.
The seven-headed hydra bites you!
* * * LOW HITPOINT WARNING * * *
Something bites your bullfrog zombie.
Your elephant zombie tramples the elephant but does no damage.
Your elephant zombie trunk-slaps the elephant but does no damage.
Your elephant zombie misses the blink frog.
Your elephant zombie closely misses the blink frog.
The blink frog blinks!
The elephant tramples your elephant zombie!
Your elephant zombie holds its ground!
The elephant trunk-slaps your elephant zombie but does no damage.
You lop one of the seven-headed hydra's heads off!
The six-headed hydra grows two more!
You slice the eight-headed hydra!!
The eight-headed hydra is severely wounded.
Your transformation is almost over.
The blink frog blinks!
The eight-headed hydra misses you. The eight-headed hydra bites you.
* * * LOW HITPOINT WARNING * * *
The eight-headed hydra closely misses you.
The eight-headed hydra bites you!
You die...

#....ZF.........F.
##YZ§.##.##F..§.F.(
#§ZF#####$P.F..F..P
#.Y## .## . #.Y#
#..## ##..##P...#.
#...#.......
##.D.....#
#..@###..# #P.F## #
#....# #....### ##
. ##..#..##P##....
#.....†.........
##..............
#..............
#...............


You could see an eight-headed hydra (blind), 3 elephants, 2 blink frogs and 2
friendly elephant zombies.

Vanquished Creatures
  Harold (D:11)
  The ghost of Newt the Jinx, a journeyman DsGl of Okawaru (Lair:1)
  A deep elf zephyrmancer (D:10)
  An elephant (Lair:2)
  A cane toad (Lair:1)
  An unseen horror (D:10)
  2 komodo dragons
  A kobold demonologist (D:11)
  A rime drake (Lair:1)
  2 trolls (D:11)
  2 hornets
  3 wraiths
  A shadow (D:11)
  4 yaks
  2 wyverns
  Grum (D:8)
  7 water moccasins
  6 orc warriors
  2 black bears
  3 wolves (D:8)
  5 centaurs
  3 kobold brigands
  A necrophage (D:7)
  Blork the orc (D:6)
  3 scorpions
  6 bullfrogs
  8 wights
  4 killer bees
  2 howler monkeys
  3 hounds
  2 jellies (D:8)
  A gnoll bouda (D:8)
  8 orc priests
  An iguana (D:3)
  13 orc wizards
  Robin (D:2)
  4 gnolls
  3 adders
  An ufetubus (D:5)
  2 worms
  3 dart slugs
  44 orcs
  10 bats
  9 endoplasms
  3 giant cockroaches
  13 goblins
  9 hobgoblins
  7 jackals
  4 quokkas
  11 ball pythons
  11 frilled lizards
  18 kobolds
  7 rats
264 creatures vanquished.

Vanquished Creatures (collateral kills)
  An elephant (Lair:2)
  A troll (D:9)
  6 yaks
  An acid dragon (D:9)
  An ice beast (D:8)
  A swamp drake (D:9)
  A wolf (D:8)
  A centaur (D:10)
  A bullfrog (D:8)
  A wight (D:8)
  A howler monkey (D:10)
  2 orc wizards
  3 gnolls
  2 dart slugs
  3 orcs (D:9)
  3 frilled lizards
29 creatures vanquished.

Vanquished Creatures (others)
  A hornet zombie (D:10)
  A water moccasin zombie (Lair:2)
  3 yak zombies (D:9)
  2 wolf zombies (D:8)
  3 centaur zombies (D:11)
  A gnoll zombie (D:8)
  11 orc zombies
  6 kobold zombies (D:8)
  8 fungi
  31 plants
67 creatures vanquished.

Grand Total: 360 creatures vanquished

Notes
Turn   | Place    | Note
-------+----------+-------------------------------------------
     0 | D:1      | browni3141 the Felid Necromancer began the quest for the
                  | Orb.
     0 | D:1      | Reached XP level 1. HP: 7/7 MP: 4/4
   322 | D:1      | Reached XP level 2. HP: 11/11 MP: 1/6
  1041 | D:2      | Reached skill level 5 in Stealth
  1067 | D:2      | Reached XP level 3. HP: 14/14 MP: 5/7
  1165 | D:2      | Noticed Robin
  1367 | D:2      | Killed Robin
  1371 | D:2      | Found a faded altar of an unknown god.
  1476 | D:2      | Found a snail-covered altar of Cheibriados.
  1514 | D:2      | Reached XP level 4. HP: 18/18 MP: 0/8
  2099 | D:3      | Found a runed translucent door.
  2099 | D:3      | Noticed THTSBRD's ghost (amateur FoHu)
  2322 | D:3      | Reached skill level 5 in Necromancy
  2450 | D:3      | Reached XP level 5. HP: 21/21 MP: 9/9
  2592 | D:3      | Found a runed translucent door.
  3014 | D:4      | Learned a level 3 spell: Vampiric Draining
  3062 | D:4      | Noticed Grinder
  3278 | D:4      | Learned a level 4 spell: Animate Dead
  3459 | D:4      | Found a snail-covered altar of Cheibriados.
  3899 | D:5      | Entered Level 5 of the Dungeon
  4109 | D:5      | Reached skill level 1 in Fighting
  4109 | D:5      | Reached skill level 1 in Unarmed Combat
  4276 | D:5      | Noticed a steam dragon
  4635 | D:5      | Gained mutation: You are covered in thick fur. (AC +2)
                  | [Felid growth]
  4635 | D:5      | Reached XP level 6. HP: 25/25 MP: 10/10
  4836 | D:5      | Noticed an orc warrior
  4921 | D:5      | Killed an orc warrior
  5044 | D:5      | Reached XP level 7. HP: 26/30 MP: 7/11
  5674 | D:6      | Found a white marble altar of Elyvilon.
  5676 | D:6      | Noticed Blork the orc
  5830 | D:6      | Found a staircase to the Ecumenical Temple.
  5836 | Temple   | Entered the Ecumenical Temple
  6048 | Temple   | Became a worshipper of Sif Muna the Loreminder
  6322 | D:6      | Killed Blork the orc
  6616 | D:6      | Reached skill level 1 in Invocations
  6840 | D:7      | Noticed a +0 falchion
  6840 | D:7      | Noticed a +0 spear
  6840 | D:7      | Noticed a +0 dagger
  6840 | D:7      | Noticed a +0 spear
  6841 | D:7      | Noticed a +0 dagger
  6841 | D:7      | Noticed a +0 short sword
  6841 | D:7      | Noticed a +0 short sword
  6842 | D:7      | Noticed a +0 falchion
  6940 | D:7      | Reached XP level 8. HP: 36/36 MP: 0/12
  7207 | D:7      | Noticed a troll
  7307 | D:7      | Reached * piety under Sif Muna
  7574 | D:7      | Found an opulent altar of Gozag.
  7574 | D:7      | Found a faded altar of an unknown god.
  7582 | D:7      | Found an ancient bone altar of Kikubaaqudgha.
  7584 | D:7      | Found a shadowy altar of Dithmenos.
  7586 | D:7      | Found a sacrificial altar of Ru.
  7903 | D:7      | Found a hide-covered altar of Uskayaw.
  8214 | D:7      | Found an ornate altar of the Wu Jian Council.
  9605 | D:8      | Found a staircase to the Lair.
  9675 | D:8      | Reached skill level 10 in Stealth
  9886 | D:8      | Noticed Grum
  9902 | D:8      | Reached XP level 9. HP: 38/39 MP: 6/13
 10147 | D:8      | Constricted to death by Grum
 10148 | D:8      | Reached XP level 8. HP: 0/36 MP: 1/12
 10338 | D:8      | Noticed a hornet
 10409 | D:8      | Reached skill level 5 in Dodging
 10417 | D:8      | Identified the +1 scale mail "Waiqung" {rC+ Str+3}
 10556 | D:8      | Noticed a two-headed ogre
 10697 | D:8      | Killed Grum
 10830 | D:8      | Learned a level 1 spell: Beastly Appendage
 10833 | D:8      | Learned a level 2 spell: Wereblood
 11021 | D:8      | Noticed a hornet
 11026 | D:8      | Reached skill level 5 in Fighting
 11026 | D:8      | Reached skill level 5 in Unarmed Combat
 11026 | D:8      | Reached skill level 1 in Transmutations
 11026 | D:8      | Reached XP level 9. HP: 36/40 MP: 9/13
 11033 | D:8      | Your ally Grum died
 11378 | D:9      | Found a burning altar of Makhleb.
 11585 | D:9      | Noticed an Executioner
 12189 | D:9      | Reached ** piety under Sif Muna
 12519 | D:9      | Reached skill level 5 in Transmutations
 12671 | D:9      | Noticed a troll
 12680 | D:9      | Killed a troll
 12681 | D:9      | Reached XP level 10. HP: 29/45 MP: 14/14
 12914 | D:9      | Found a staircase to the Orcish Mines.
 13416 | D:10     | Entered Level 10 of the Dungeon
 13611 | D:10     | Reached *** piety under Sif Muna
 13824 | D:10     | Found a blossoming altar of Fedhas.
 13928 | D:10     | Noticed a deep elf zephyrmancer
 13934 | D:10     | Killed a deep elf zephyrmancer
 14447 | D:11     | Found Ykhlyps's Weapon Shop.
 14734 | D:11     | Noticed Harold
 14832 | D:11     | Reached XP level 11. HP: 48/48 MP: 14/18
 14928 | D:11     | Learned a level 5 spell: Blade Hands
 14928 | D:11     | Found a transporter.
 14931 | D:11     | Found a transporter.
 14944 | D:11     | Killed Harold
 14945 | D:11     | Reached skill level 5 in Invocations
 14976 | D:11     | Reached skill level 5 in Spellcasting
 15019 | D:11     | Found a transporter.
 15039 | D:11     | Found a transporter.
 15359 | Lair:1   | Entered Level 1 of the Lair of Beasts
 15359 | Lair:1   | Found the +0 toga "Victory" {*Victory Clar}
 15462 | Lair:1   | Noticed Newt's ghost (journeyman DsGl)
 15465 | Lair:1   | Found a runed translucent door.
 15997 | Lair:1   | Reached skill level 1 in Evocations
 16490 | Lair:1   | Killed Newt's ghost
 16491 | Lair:1   | Reached skill level 10 in Transmutations
 16554 | Lair:2   | Slain by a cane toad
 16555 | Lair:2   | Reached XP level 10. HP: -1/45 MP: 11/19
 16555 | Lair:2   | Noticed an elephant
 16555 | Lair:2   | Noticed an elephant
 16555 | Lair:2   | Noticed an elephant
 16586 | Lair:2   | HP: 1/45 [polar bear (26)]
 16586 | Lair:2   | Slain by a polar bear
 16587 | Lair:2   | Reached XP level 9. HP: -2/41 MP: 9/18
 16587 | Lair:2   | Noticed an elephant
 16587 | Lair:2   | Noticed an elephant
 16595 | Lair:2   | Reached **** piety under Sif Muna
 16651 | Lair:2   | Killed an elephant
 16667 | Lair:2   | Noticed an elephant
 16668 | Lair:2   | Noticed a six-headed hydra
 16686 | Lair:2   | Killed an elephant
 16692 | Lair:2   | Mangled by an eight-headed hydra

Illustrated notes

Levels and vault maps discovered:
D:1:      co_arrival_square_in_a_square_in_a_square, layout_basic,
          minmay_lizard_king
D:2:      layout_basic, basic_altar, shapermc_ecumenical_altar_mp_ritualfount,
          uniq_robin
D:3:      minmay_wonky_spiral, layout_rooms, ebering_ghost_sewer_f,
          kennysheep_generic_room_3
D:4:      layout_loops_corners, slow_altar_2, uniq_grinder
D:5:      kennysheep_steamy, layout_loops_corners
D:6:      layout_gridville, elyvilon_altar_5, temple_green,
          pf_guarded_unrand_delatra, uniq_blork_the_orc
D:7:      layout_basic, chequers_temple_overflow_minitemple,
          general_overflow_altar, nicolae_uskayaw_en_pointe, nrook_loot_triangle
D:8:      minmay_recursive_quarters, layout_basic, minmay_the_grid_2x2
          [minmay_the_grid_mess, minmay_the_grid_garden,
          minmay_the_grid_outer_diamond, minmay_the_grid_prize_trominoes],
          uniq_grum
D:9:      layout_layer_cave, makhleb_altar_promises_db, erik_orc_1,
          nicolae_straight_to_the_point
D:10:     layout_gridville, fedhas_bush_and_centaur_altar,
          kennysheep_just_a_vault
D:11:     layout_long_grid, serial_shops, nicolae_shop_bloodbath_and_beyond,
          nicolae_transporter_circle, uniq_harold
Temple:   nicolae_temple_bog_church
Lair:1:   layout_cave_pods, hellmonk_ghost_happy_afterlife
Lair:2:   layout_regular_city, grunt_megastairs_2, lemuel_fruit_tree

Skill      XL: |  1  2  3  4  5  6  7  8  9 10 11 |
---------------+----------------------------------+-----
Stealth        | 3 5 6 10 | 10.0
Necromancy     | 5 6 7 |  7.0
Fighting       | 1 2 4 5 6 |  6.0
Unarmed Combat | 1 2 5 6 |  6.0
Dodging        | 4 7 8 |  8.0
Invocations    | 3 4 6 |  6.3
Transmutations | 1 5 9 10 | 10.0
Spellcasting   | 6 4 5 |  6.0
Evocations     | 3 2 |  3.1

Action                     |  1- 3 |  4- 6 |  7- 9 | 10-12 || total
---------------------------+-------+-------+-------+-------++-------
  Melee: Unarmed           |    13 |    92 |   255 |   178 ||   538
         Bite              |       |     6 |    36 |    20 ||    62
         Punch             |       |       |     6 |     8 ||    14
         Headbutt          |       |       |    26 |    31 ||    57
   Cast: Necrotise         |    78 |   113 |   202 |    18 ||   411
         Vampiric Draining |       |     1 |    29 |     6 ||    36
         Animate Dead      |       |       |    12 |     5 ||    17
         Beastly Appendage |       |       |    10 |     7 ||    17
         Wereblood         |       |       |     4 |     5 ||     9
         Blade Hands       |       |       |     2 |    11 ||    13
  Evoke: Wand              |       |       |     4 |     5 ||     9
         Lightning rod     |       |       |     1 |     4 ||     5
    Use: Scroll            |     1 |     8 |       |     3 ||    12
         Potion            |       |       |     4 |     6 ||    10
   Stab: Sleeping          |       |    19 |     8 |     9 ||    36
         Distracted        |       |       |     1 |     4 ||     5
         Invisible         |       |       |       |     3 ||     3
 Armour: Skin              |       |     5 |    14 |    22 ||    41
  Dodge: Dodged            |    25 |    92 |   347 |   271 ||   735

Table legend: (Time is in decaauts)
 A = Elapsed time spent in this place.
 B = Non-inter-level travel time spent in this place.
 C = Inter-level travel time spent in this place.
 D = Time resting spent in this place.
 E = Time spent auto-exploring this place.
 F = Levels seen in this place.
 G = Mean time per level.
                   A        B        C        D        E       F      G
               +--------+--------+--------+--------+--------+-----+--------+
         Total |  14578 |  13881 |    697 |   2571 |   8191 |  14 | 1041.3 |
       Dungeon |  13225 |  12578 |    647 |   2371 |   7336 |  11 | 1202.3 |
        Temple |    183 |    148 |     35 |      0 |    136 |   1 |  183.0 |
          Lair |   1169 |   1155 |     14 |    200 |    718 |   2 |  584.5 |
               +--------+--------+--------+--------+--------+-----+--------+

Top non-repeatable levels by time:
     D:8: 2404 daAuts
     D:9: 1780 daAuts
     D:7: 1763 daAuts
     D:5: 1549 daAuts
     D:2: 1099 daAuts
  Lair:1: 1028 daAuts
     D:4: 951 daAuts
    D:11: 830 daAuts
    D:10: 813 daAuts
     D:1: 787 daAuts
     D:6: 644 daAuts
     D:3: 600 daAuts
  Temple: 183 daAuts
  Lair:2: 140 daAuts
